[ AOE2 MATCH · #466524537 ]
UnrankedGeorgians vs Celts
[ REPLAY ANALYSIS · EXTRACTED FROM THE RECORDED GAME ]
Feudal
8:51
Castle
—
Imperial
—
| APM avg | 64.9 |
| APM peak | 91 |
| eAPM avg | 25.5 |
| Villagers / military | 51 / 14 |
Focus
⚔️ 28.7% · 🌾 71.3%
Scout Cavalry ×14
Feudal
10:23
Castle
—
Imperial
—
| APM avg | 57.0 |
| APM peak | 94 |
| eAPM avg | 22.6 |
| Villagers / military | 44 / 9 |
Focus
⚔️ 42.0% · 🌾 58.0%
Scout Cavalry ×9
Feudal
11:48
Castle
—
Imperial
—
| APM avg | 42.2 |
| APM peak | 113 |
| eAPM avg | 19.8 |
| Villagers / military | 48 / 5 |
Focus
⚔️ 23.7% · 🌾 76.3%
Spearman ×5
Feudal
9:16
Castle
—
Imperial
—
| APM avg | 55.0 |
| APM peak | 122 |
| eAPM avg | 29.8 |
| Villagers / military | 47 / 6 |
Focus
⚔️ 49.6% · 🌾 50.4%
Archer ×3 · Skirmisher ×2 · Spearman ×1
Feudal
9:00
Castle
—
Imperial
—
| APM avg | 32.8 |
| APM peak | 63 |
| eAPM avg | 17.3 |
| Villagers / military | 35 / 15 |
Focus
⚔️ 36.9% · 🌾 63.1%
Scout Cavalry ×8 · Spearman ×7
Feudal
—
Castle
—
Imperial
—
| APM avg | 55.8 |
| APM peak | 89 |
| eAPM avg | 17.2 |
| Villagers / military | 45 / 0 |
Focus
⚔️ 29.7% · 🌾 70.3%
Feudal
12:51
Castle
—
Imperial
—
| APM avg | 41.4 |
| APM peak | 76 |
| eAPM avg | 21.1 |
| Villagers / military | 52 / 0 |
Focus
⚔️ 33.1% · 🌾 66.9%
Feudal
11:55
Castle
—
Imperial
—
| APM avg | 56.0 |
| APM peak | 95 |
| eAPM avg | 28.4 |
| Villagers / military | 53 / 10 |
Focus
⚔️ 30.5% · 🌾 69.5%
Militia ×5 · Spearman ×5
Match map
Initial resources + every placement click. Lines = walls · curves = elevation contours. ◆ gold · ⬟ stone · ● berries · ✦ relic · ◌ wall gap
Your base· Open — 15t gap
MrLokura's base· Open — unwalled flank
Roque ,*_*,'s base· Open — unwalled flank
Boxxhenizeel's base· Open — unwalled flank
El Peregrino's base· Open — unwalled flank
.'s base· Open — unwalled flank
CORP_ Zata's base· Open — unwalled flank
LE | WilliamS's base· Open — unwalled flank
Smoothed initial terrain · ◌ = detected wall gap · hover for details
Inputs per minute
— Idle Brother - - MrLokura
Build order — Idle Brother
111 actions detected in the replay
| 0:01 | Queue | Villager (Male) ×4 |
| 0:03 | Build | House |
| 0:05 | Build | House |
| 1:27 | Queue | Villager (Male) |
| 1:27 | Queue | Villager (Male) |
| 1:27 | Queue | Villager (Male) |
| 1:49 | Queue | Villager (Male) |
| 1:49 | Queue | Villager (Male) |
| 2:10 | Queue | Villager (Male) |
| 2:10 | Queue | Villager (Male) |
| 2:31 | Queue | Villager (Male) |
| 2:32 | Queue | Villager (Male) |
| 2:32 | Queue | Villager (Male) |
| 3:03 | Queue | Villager (Male) |
| 3:03 | Queue | Villager (Male) |
| 3:24 | Build | House |
| 3:25 | Build | House |
| 3:30 | Queue | Villager (Male) |
| 3:30 | Queue | Villager (Male) |
| 3:59 | Queue | Villager (Male) |
| 3:59 | Queue | Villager (Male) |
| 4:17 | Build | Mill |
| 4:46 | Queue | Villager (Male) |
| 4:46 | Queue | Villager (Male) |
| 4:47 | Queue | Villager (Male) |
| 5:11 | Queue | Villager (Male) |
| 5:12 | Queue | Villager (Male) |
| 5:41 | Queue | Villager (Male) |
| 5:41 | Queue | Villager (Male) |
| 6:37 | Research | Feudal Age |
| 7:05 | Queue | Villager (Male) |
| 7:09 | Build | Barracks |
| 7:37 | Build | House |
| 7:58 | Queue | Villager (Male) |
| 8:23 | Build | Mule Cart |
| 8:48 | Build | House |
| 8:51 | Age | Feudal Age |
| 8:55 | Build | Stable |
| 9:09 | Research | Double-Bit Axe |
| 9:09 | Research | Double-Bit Axe |
| 9:28 | Queue | Villager (Male) |
| 9:31 | Build | Farm |
| 9:36 | Queue | Scout Cavalry |
| 9:41 | Build | House |
| 9:52 | Queue | Scout Cavalry |
| 10:12 | Queue | Villager (Male) |
| 10:15 | Build | Farm |
| 10:18 | Build | Farm |
| 10:28 | Queue | Scout Cavalry |
| 10:34 | Queue | Villager (Male) |
| 10:34 | Queue | Villager (Male) |
| 10:51 | Queue | Villager (Male) |
| 11:13 | Build | Blacksmith |
| 11:15 | Queue | Villager (Male) |
| 11:31 | Queue | Villager (Male) |
| 11:42 | Queue | Scout Cavalry |
| 11:55 | Queue | Scout Cavalry |
| 12:03 | Queue | Villager (Male) |
| 12:19 | Queue | Villager (Male) |
| 12:35 | Queue | Villager (Male) |
| 12:46 | Research | Scale Barding Armor |
| 12:46 | Research | Scale Barding Armor |
| 12:55 | Build | Farm |
| 12:56 | Build | Farm |
| 12:58 | Build | Farm |
| 13:07 | Queue | Scout Cavalry |
| 13:13 | Build | Farm |
| 13:15 | Build | Farm |
| 13:28 | Build | Mill |
| 13:29 | Queue | Villager (Male) |
| 13:41 | Queue | Villager (Male) |
| 13:54 | Research | Loom |
| 13:54 | Research | Loom |
| 14:07 | Queue | Scout Cavalry |
| 14:14 | Queue | Villager (Male) |
| 14:14 | Queue | Villager (Male) |
| 14:25 | Queue | Villager (Male) |
| 14:37 | Build | Farm |
| 14:38 | Build | Farm |
| 14:39 | Build | Farm |
| 14:49 | Queue | Scout Cavalry |
| 14:59 | Build | Farm |
| 15:01 | Queue | Villager (Male) |
| 15:15 | Queue | Scout Cavalry |
| 15:16 | Research | Loom |
| 15:16 | Research | Loom |
| 15:19 | Build | Farm |
| 15:25 | Queue | Scout Cavalry |
| 15:30 | Build | Farm |
| 15:33 | Build | Farm |
| 15:40 | Build | House |
| 15:42 | Build | House |
| 15:44 | Build | Palisade Wall |
| 15:46 | Build | Palisade Wall |
| 15:49 | Build | Palisade Wall |
| 15:50 | Build | Palisade Wall |
| 15:52 | Build | Palisade Wall |
| 15:59 | Build | Palisade Wall |
| 16:00 | Build | Palisade Wall |
| 16:05 | Queue | Villager (Male) |
| 16:09 | Queue | Scout Cavalry |
| 16:10 | Queue | Villager (Male) |
| 16:25 | Research | Town Watch |
| 16:27 | Queue | Scout Cavalry |
| 16:52 | Queue | Villager (Male) |
| 17:02 | Queue | Villager (Male) |
| 17:13 | Queue | Villager (Male) |
| 17:25 | Queue | Scout Cavalry |
| 17:37 | Queue | Scout Cavalry |
| 17:38 | Queue | Villager (Male) |
| 17:51 | Build | Market |
Build order — MrLokura
97 actions detected in the replay
| 0:02 | Queue | Villager (Male) |
| 0:02 | Queue | Villager (Male) |
| 0:03 | Build | House |
| 0:04 | Build | House |
| 0:10 | Queue | Villager (Male) |
| 0:10 | Queue | Villager (Male) |
| 1:25 | Queue | Villager (Male) |
| 1:25 | Queue | Villager (Male) |
| 2:05 | Queue | Villager (Male) |
| 2:05 | Queue | Villager (Male) |
| 2:22 | Build | House |
| 2:31 | Queue | Villager (Male) |
| 2:31 | Queue | Villager (Male) |
| 2:32 | Queue | Villager (Male) |
| 2:57 | Queue | Villager (Male) |
| 2:57 | Queue | Villager (Male) |
| 2:57 | Queue | Villager (Male) |
| 3:25 | Queue | Villager (Male) |
| 3:31 | Build | Lumber Camp |
| 3:34 | Queue | Villager (Male) |
| 3:34 | Queue | Villager (Male) |
| 4:03 | Queue | Villager (Male) |
| 4:04 | Queue | Villager (Male) |
| 4:13 | Queue | Villager (Male) |
| 4:28 | Queue | Villager (Male) |
| 5:01 | Queue | Villager (Male) |
| 5:01 | Queue | Villager (Male) |
| 5:21 | Build | Mill |
| 5:44 | Build | House |
| 6:17 | Queue | Villager (Male) |
| 6:32 | Research | Loom |
| 7:10 | Queue | Villager (Male) |
| 7:36 | Queue | Villager (Male) |
| 8:13 | Research | Feudal Age |
| 8:13 | Research | Feudal Age |
| 8:33 | Build | Barracks |
| 9:36 | Build | House |
| 10:21 | Queue | Villager (Male) |
| 10:23 | Age | Feudal Age |
| 10:25 | Build | Stable |
| 10:29 | Research | Double-Bit Axe |
| 10:48 | Queue | Villager (Male) |
| 10:50 | Queue | Villager (Male) |
| 10:52 | Build | House |
| 10:54 | Build | Palisade Wall |
| 10:55 | Build | Palisade Wall |
| 11:04 | Queue | Villager (Male) |
| 11:07 | Build | Farm |
| 11:11 | Research | Horse Collar |
| 11:13 | Queue | Scout Cavalry |
| 11:30 | Queue | Villager (Male) |
| 11:38 | Queue | Scout Cavalry |
| 11:40 | Build | Farm |
| 11:52 | Queue | Scout Cavalry |
| 11:54 | Build | Farm |
| 12:04 | Build | Farm |
| 12:09 | Queue | Villager (Male) |
| 12:29 | Queue | Scout Cavalry |
| 12:30 | Queue | Villager (Male) |
| 12:31 | Build | Farm |
| 12:33 | Build | Farm |
| 12:35 | Queue | Villager (Male) |
| 12:36 | Queue | Villager (Male) |
| 12:38 | Build | House |
| 13:06 | Build | Farm |
| 13:07 | Build | Farm |
| 13:22 | Queue | Scout Cavalry |
| 13:23 | Queue | Villager (Male) |
| 13:27 | Build | Farm |
| 13:28 | Build | Farm |
| 13:48 | Queue | Scout Cavalry |
| 13:51 | Queue | Villager (Male) |
| 13:55 | Build | Mill |
| 13:57 | Build | Farm |
| 13:58 | Build | House |
| 14:06 | Queue | Villager (Male) |
| 14:36 | Queue | Scout Cavalry |
| 14:43 | Build | Farm |
| 14:44 | Build | Farm |
| 14:48 | Build | Mining Camp |
| 15:03 | Queue | Scout Cavalry |
| 15:04 | Queue | Villager (Male) |
| 15:27 | Build | House |
| 15:28 | Build | Palisade Wall |
| 15:41 | Queue | Scout Cavalry |
| 15:55 | Build | Farm |
| 15:55 | Build | Farm |
| 16:10 | Build | Farm |
| 16:10 | Queue | Villager (Male) |
| 16:17 | Build | Watch Tower |
| 17:02 | Queue | Villager (Male) |
| 17:25 | Build | Farm |
| 17:26 | Build | Farm |
| 17:39 | Queue | Villager (Male) |
| 17:40 | Build | House |
| 17:55 | Queue | Villager (Male) |
| 18:05 | Queue | Villager (Male) |
Build order — Roque ,*_*,
97 actions detected in the replay
| 0:00 | Queue | Villager (Male) |
| 0:01 | Queue | Villager (Male) |
| 0:02 | Build | House |
| 0:04 | Build | House |
| 0:08 | Queue | Villager (Male) |
| 0:08 | Queue | Villager (Male) |
| 1:14 | Queue | Villager (Male) |
| 1:58 | Queue | Villager (Male) |
| 2:19 | Queue | Villager (Male) |
| 2:19 | Queue | Villager (Male) |
| 2:50 | Queue | Villager (Male) |
| 3:20 | Queue | Villager (Male) |
| 3:36 | Build | Lumber Camp |
| 3:38 | Queue | Villager (Male) |
| 3:50 | Build | House |
| 3:59 | Queue | Villager (Male) |
| 4:33 | Queue | Villager (Male) |
| 4:41 | Queue | Villager (Male) |
| 4:41 | Queue | Villager (Male) |
| 4:47 | Queue | Villager (Male) |
| 5:08 | Queue | Villager (Male) |
| 5:59 | Build | Barracks |
| 6:01 | Queue | Villager (Male) |
| 6:08 | Build | House |
| 6:15 | Queue | Villager (Male) |
| 6:23 | Research | Loom |
| 7:03 | Queue | Villager (Male) |
| 7:07 | Queue | Villager (Male) |
| 7:31 | Build | Mill |
| 7:42 | Queue | Villager (Male) |
| 7:47 | Build | House |
| 8:02 | Queue | Villager (Male) |
| 8:27 | Queue | Villager (Male) |
| 8:52 | Build | Mill |
| 9:08 | Queue | Villager (Male) |
| 9:16 | Build | House |
| 9:38 | Research | Feudal Age |
| 10:45 | Queue | Villager (Male) |
| 10:56 | Build | House |
| 10:56 | Queue | Villager (Male) |
| 11:17 | Build | House |
| 11:17 | Queue | Villager (Male) |
| 11:45 | Build | Palisade Wall |
| 11:48 | Age | Feudal Age |
| 11:49 | Build | Palisade Wall |
| 11:50 | Queue | Villager (Male) |
| 11:51 | Queue | Spearman |
| 11:51 | Queue | Spearman |
| 11:52 | Queue | Spearman |
| 11:54 | Queue | Villager (Male) |
| 11:58 | Queue | Villager (Male) |
| 12:02 | Build | Farm |
| 12:03 | Build | Farm |
| 12:05 | Build | Farm |
| 12:05 | Queue | Villager (Male) |
| 12:12 | Build | Mining Camp |
| 12:34 | Queue | Villager (Male) |
| 12:36 | Queue | Villager (Male) |
| 12:50 | Queue | Spearman |
| 12:50 | Queue | Spearman |
| 12:51 | Queue | Villager (Male) |
| 12:54 | Queue | Villager (Male) |
| 12:54 | Queue | Villager (Male) |
| 13:03 | Queue | Villager (Male) |
| 13:12 | Build | Watch Tower |
| 13:13 | Queue | Villager (Male) |
| 13:36 | Build | House |
| 13:37 | Queue | Villager (Male) |
| 13:50 | Build | Watch Tower |
| 13:59 | Build | House |
| 14:02 | Build | House |
| 14:03 | Queue | Villager (Male) |
| 14:33 | Build | Mill |
| 14:34 | Queue | Villager (Male) |
| 14:54 | Queue | Villager (Male) |
| 15:28 | Queue | Villager (Male) |
| 15:46 | Queue | Villager (Male) |
| 15:52 | Build | Palisade Wall |
| 15:53 | Build | Palisade Wall |
| 15:54 | Build | Palisade Wall |
| 15:56 | Build | Palisade Wall |
| 15:57 | Build | Palisade Wall |
| 15:58 | Build | Palisade Wall |
| 16:06 | Build | Watch Tower |
| 16:09 | Queue | Villager (Male) |
| 16:29 | Queue | Villager (Male) |
| 16:52 | Build | House |
| 17:12 | Build | House |
| 17:22 | Build | Farm |
| 17:24 | Build | Farm |
| 17:25 | Build | Farm |
| 17:27 | Build | Farm |
| 17:28 | Build | Farm |
| 17:30 | Build | Farm |
| 17:31 | Build | Farm |
| 17:31 | Build | Farm |
| 17:43 | Queue | Villager (Male) |
Build order — Boxxhenizeel
96 actions detected in the replay
| 0:01 | Queue | Villager (Male) |
| 0:01 | Queue | Villager (Male) |
| 0:02 | Build | House |
| 0:04 | Build | House |
| 0:12 | Queue | Villager (Male) |
| 0:23 | Queue | Villager (Male) |
| 0:23 | Queue | Villager (Male) |
| 1:28 | Queue | Villager (Male) |
| 1:28 | Queue | Villager (Male) |
| 2:02 | Queue | Villager (Male) |
| 2:02 | Queue | Villager (Male) |
| 2:16 | Queue | Villager (Male) |
| 2:53 | Build | Lumber Camp |
| 2:55 | Queue | Villager (Male) |
| 2:55 | Queue | Villager (Male) |
| 3:14 | Queue | Villager (Male) |
| 3:14 | Queue | Villager (Male) |
| 3:40 | Queue | Villager (Male) |
| 3:40 | Queue | Villager (Male) |
| 3:51 | Build | House |
| 4:10 | Queue | Villager (Male) |
| 4:10 | Queue | Villager (Male) |
| 4:22 | Queue | Villager (Male) |
| 4:22 | Queue | Villager (Male) |
| 4:33 | Queue | Villager (Male) |
| 4:33 | Queue | Villager (Male) |
| 4:55 | Queue | Villager (Male) |
| 5:03 | Queue | Villager (Male) |
| 5:30 | Build | Mill |
| 6:14 | Queue | Villager (Male) |
| 6:29 | Research | Loom |
| 6:59 | Research | Feudal Age |
| 6:59 | Research | Feudal Age |
| 8:04 | Build | Barracks |
| 8:21 | Build | Barracks |
| 8:48 | Queue | Villager (Male) |
| 9:16 | Age | Feudal Age |
| 9:24 | Build | Archery Range |
| 9:25 | Build | House |
| 9:34 | Queue | Villager (Male) |
| 9:39 | Research | Double-Bit Axe |
| 9:40 | Research | Double-Bit Axe |
| 10:12 | Queue | Villager (Male) |
| 10:26 | Queue | Archer |
| 10:31 | Queue | Villager (Male) |
| 10:47 | Queue | Archer |
| 11:01 | Queue | Villager (Male) |
| 11:03 | Queue | Villager (Male) |
| 11:06 | Build | House |
| 11:09 | Build | Farm |
| 11:16 | Build | Farm |
| 11:23 | Queue | Archer |
| 11:29 | Queue | Spearman |
| 11:55 | Build | Farm |
| 11:59 | Build | Farm |
| 12:06 | Build | Farm |
| 12:10 | Queue | Skirmisher |
| 12:22 | Queue | Villager (Male) |
| 12:27 | Build | House |
| 12:40 | Build | Palisade Wall |
| 12:41 | Build | Palisade Wall |
| 12:43 | Build | Palisade Wall |
| 12:44 | Build | Palisade Wall |
| 12:46 | Queue | Villager (Male) |
| 12:55 | Queue | Villager (Male) |
| 13:08 | Queue | Villager (Male) |
| 13:10 | Queue | Villager (Male) |
| 13:26 | Queue | Skirmisher |
| 13:36 | Queue | Villager (Male) |
| 13:36 | Queue | Villager (Male) |
| 13:56 | Build | Market |
| 14:14 | Queue | Villager (Male) |
| 14:31 | Queue | Villager (Male) |
| 14:31 | Queue | Villager (Male) |
| 14:33 | Queue | Villager (Male) |
| 14:33 | Queue | Villager (Male) |
| 14:35 | Build | Farm |
| 14:35 | Build | Farm |
| 14:46 | Build | House |
| 15:28 | Build | Farm |
| 15:28 | Build | Farm |
| 15:34 | Queue | Villager (Male) |
| 15:35 | Queue | Villager (Male) |
| 15:48 | Build | Palisade Wall |
| 15:52 | Build | Palisade Wall |
| 15:55 | Queue | Villager (Male) |
| 16:00 | Build | Mill |
| 16:05 | Build | Outpost |
| 16:08 | Build | Outpost |
| 16:09 | Build | Farm |
| 16:10 | Queue | Villager (Male) |
| 16:12 | Build | Farm |
| 16:21 | Build | Mining Camp |
| 16:31 | Research | Castle Age |
| 17:00 | Build | Archery Range |
| 18:06 | Build | House |
Build order — El Peregrino
92 actions detected in the replay
| 0:00 | Queue | Villager (Male) |
| 0:02 | Build | House |
| 0:04 | Build | House |
| 0:27 | Queue | Villager (Male) |
| 0:28 | Queue | Villager (Male) |
| 0:49 | Queue | Villager (Male) |
| 1:36 | Queue | Villager (Male) |
| 1:36 | Queue | Villager (Male) |
| 2:28 | Queue | Villager (Male) |
| 2:29 | Queue | Villager (Male) |
| 3:18 | Queue | Villager (Male) |
| 3:41 | Queue | Villager (Male) |
| 3:51 | Build | Lumber Camp |
| 3:55 | Build | House |
| 4:09 | Queue | Villager (Male) |
| 4:35 | Queue | Villager (Male) |
| 4:57 | Queue | Villager (Male) |
| 5:26 | Queue | Villager (Male) |
| 5:51 | Queue | Villager (Male) |
| 5:59 | Build | Mill |
| 6:04 | Research | Loom |
| 6:50 | Research | Feudal Age |
| 6:50 | Research | Feudal Age |
| 7:59 | Build | Barracks |
| 8:18 | Build | House |
| 8:51 | Build | Mill |
| 8:53 | Queue | Villager (Male) |
| 9:00 | Age | Feudal Age |
| 9:26 | Queue | Villager (Male) |
| 9:40 | Build | Stable |
| 9:43 | Queue | Spearman |
| 9:47 | Queue | Villager (Male) |
| 10:00 | Queue | Villager (Male) |
| 10:22 | Queue | Scout Cavalry |
| 10:25 | Queue | Villager (Male) |
| 10:44 | Queue | Villager (Male) |
| 10:50 | Queue | Scout Cavalry |
| 10:55 | Build | House |
| 10:58 | Research | Horse Collar |
| 11:01 | Build | Farm |
| 11:02 | Build | Farm |
| 11:04 | Build | Farm |
| 11:12 | Queue | Spearman |
| 11:22 | Queue | Villager (Male) |
| 11:38 | Queue | Scout Cavalry |
| 11:40 | Build | House |
| 11:43 | Build | House |
| 11:49 | Build | Farm |
| 11:50 | Build | Farm |
| 11:56 | Build | House |
| 12:01 | Queue | Villager (Male) |
| 12:12 | Queue | Villager (Male) |
| 12:19 | Queue | Scout Cavalry |
| 12:22 | Build | Farm |
| 12:24 | Build | House |
| 12:26 | Queue | Spearman |
| 12:43 | Queue | Villager (Male) |
| 12:53 | Queue | Villager (Male) |
| 12:58 | Queue | Villager (Male) |
| 13:07 | Queue | Scout Cavalry |
| 13:10 | Queue | Villager (Male) |
| 13:13 | Build | Farm |
| 13:14 | Build | Farm |
| 13:15 | Build | Farm |
| 13:35 | Queue | Villager (Male) |
| 13:38 | Queue | Scout Cavalry |
| 13:49 | Queue | Spearman |
| 14:00 | Build | Farm |
| 14:02 | Queue | Spearman |
| 14:05 | Queue | Villager (Male) |
| 14:16 | Build | House |
| 14:28 | Queue | Spearman |
| 14:33 | Queue | Villager (Male) |
| 14:40 | Queue | Villager (Male) |
| 14:58 | Queue | Villager (Male) |
| 15:08 | Queue | Villager (Male) |
| 15:19 | Queue | Villager (Male) |
| 15:21 | Queue | Scout Cavalry |
| 15:23 | Queue | Spearman |
| 15:50 | Queue | Scout Cavalry |
| 15:54 | Build | Farm |
| 15:55 | Build | Farm |
| 15:56 | Build | Farm |
| 15:58 | Build | Farm |
| 15:59 | Build | Farm |
| 16:24 | Build | Farm |
| 16:26 | Build | Farm |
| 16:27 | Build | House |
| 16:30 | Research | Town Watch |
| 16:30 | Research | Wheelbarrow |
| 16:53 | Build | Farm |
| 17:17 | Build | Mining Camp |
Build order — .
76 actions detected in the replay
| 0:01 | Queue | Villager (Male) |
| 0:03 | Build | House |
| 0:04 | Build | House |
| 0:09 | Queue | Villager (Male) |
| 0:19 | Queue | Villager (Male) |
| 0:19 | Queue | Villager (Male) |
| 1:24 | Research | Loom |
| 1:24 | Research | Loom |
| 1:32 | Queue | Villager (Male) |
| 1:33 | Queue | Villager (Male) |
| 1:45 | Build | House |
| 2:13 | Queue | Villager (Male) |
| 2:13 | Queue | Villager (Male) |
| 2:34 | Queue | Villager (Male) |
| 2:34 | Queue | Villager (Male) |
| 3:24 | Queue | Villager (Male) |
| 3:49 | Queue | Villager (Male) |
| 4:05 | Build | House |
| 4:17 | Queue | Villager (Male) |
| 4:32 | Build | Palisade Wall |
| 4:46 | Build | Palisade Wall |
| 4:47 | Build | Palisade Wall |
| 4:57 | Build | Palisade Wall |
| 4:58 | Queue | Villager (Male) |
| 5:17 | Build | Palisade Wall |
| 5:22 | Queue | Villager (Male) |
| 5:40 | Queue | Villager (Male) |
| 6:04 | Queue | Villager (Male) |
| 6:04 | Queue | Villager (Male) |
| 6:15 | Build | Lumber Camp |
| 6:35 | Build | House |
| 6:39 | Queue | Villager (Male) |
| 6:57 | Queue | Villager (Male) |
| 7:22 | Queue | Villager (Male) |
| 7:53 | Queue | Villager (Male) |
| 8:30 | Queue | Villager (Male) |
| 8:59 | Queue | Villager (Male) |
| 9:02 | Build | Mill |
| 9:26 | Queue | Villager (Male) |
| 9:44 | Queue | Villager (Male) |
| 9:58 | Queue | Villager (Male) |
| 10:23 | Queue | Villager (Male) |
| 10:51 | Build | Palisade Wall |
| 11:03 | Build | House |
| 11:18 | Build | Town Center |
| 11:26 | Build | Palisade Wall |
| 11:28 | Build | Palisade Wall |
| 11:29 | Build | Palisade Wall |
| 11:32 | Build | Palisade Wall |
| 11:35 | Build | Palisade Wall |
| 11:37 | Build | Palisade Wall |
| 12:09 | Queue | Villager (Male) |
| 12:26 | Queue | Villager (Male) |
| 12:43 | Build | Palisade Wall |
| 12:46 | Build | Palisade Wall |
| 12:47 | Build | Palisade Wall |
| 12:48 | Build | Palisade Wall |
| 12:52 | Queue | Villager (Male) |
| 12:54 | Build | Palisade Wall |
| 13:01 | Build | Palisade Wall |
| 13:08 | Queue | Villager (Male) |
| 13:34 | Queue | Villager (Male) |
| 13:55 | Queue | Villager (Male) |
| 14:34 | Queue | Villager (Male) |
| 15:29 | Queue | Villager (Male) |
| 16:15 | Build | Mill |
| 16:26 | Queue | Villager (Male) |
| 16:26 | Queue | Villager (Male) |
| 16:56 | Queue | Villager (Male) |
| 17:16 | Queue | Villager (Male) |
| 17:16 | Queue | Villager (Male) |
| 17:36 | Queue | Villager (Male) |
| 17:36 | Queue | Villager (Male) |
| 17:44 | Build | House |
| 17:58 | Queue | Villager (Male) |
| 17:58 | Queue | Villager (Male) |
Build order — CORP_ Zata
90 actions detected in the replay
| 0:01 | Queue | Villager (Male) |
| 0:01 | Queue | Villager (Male) |
| 0:03 | Build | House |
| 0:04 | Build | House |
| 0:12 | Queue | Villager (Male) |
| 0:12 | Queue | Villager (Male) |
| 1:25 | Queue | Villager (Male) |
| 1:25 | Queue | Villager (Male) |
| 1:26 | Queue | Villager (Male) |
| 1:52 | Queue | Villager (Male) |
| 1:52 | Queue | Villager (Male) |
| 2:13 | Build | Lumber Camp |
| 2:19 | Queue | Villager (Male) |
| 2:20 | Queue | Villager (Male) |
| 2:20 | Queue | Villager (Male) |
| 2:44 | Queue | Villager (Male) |
| 3:03 | Queue | Villager (Male) |
| 3:14 | Queue | Villager (Male) |
| 3:14 | Queue | Villager (Male) |
| 3:15 | Queue | Villager (Male) |
| 3:21 | Build | House |
| 3:30 | Queue | Villager (Male) |
| 3:31 | Queue | Villager (Male) |
| 4:13 | Queue | Villager (Male) |
| 4:14 | Queue | Villager (Male) |
| 4:28 | Queue | Villager (Male) |
| 4:29 | Queue | Villager (Male) |
| 4:48 | Research | Loom |
| 4:49 | Queue | Villager (Male) |
| 5:14 | Queue | Villager (Male) |
| 5:21 | Build | Lumber Camp |
| 5:34 | Queue | Villager (Male) |
| 5:54 | Queue | Villager (Male) |
| 6:00 | Queue | Villager (Male) |
| 6:19 | Build | Lumber Camp |
| 6:21 | Queue | Villager (Male) |
| 6:34 | Queue | Villager (Male) |
| 6:54 | Queue | Villager (Male) |
| 7:13 | Build | House |
| 7:14 | Build | Palisade Wall |
| 7:16 | Queue | Villager (Male) |
| 7:39 | Queue | Villager (Male) |
| 7:46 | Build | Mill |
| 7:58 | Queue | Villager (Male) |
| 8:39 | Build | Mill |
| 8:50 | Queue | Villager (Male) |
| 9:37 | Build | Palisade Wall |
| 9:38 | Queue | Villager (Male) |
| 9:47 | Build | Palisade Wall |
| 9:51 | Build | Palisade Wall |
| 9:52 | Queue | Villager (Male) |
| 10:20 | Queue | Villager (Male) |
| 10:26 | Build | House |
| 10:41 | Research | Feudal Age |
| 11:01 | Build | Barracks |
| 11:03 | Build | Farm |
| 11:04 | Queue | Villager (Male) |
| 11:19 | Build | Palisade Wall |
| 11:30 | Build | Palisade Wall |
| 11:32 | Build | House |
| 11:34 | Build | Palisade Wall |
| 11:35 | Build | Palisade Wall |
| 11:39 | Queue | Villager (Male) |
| 11:46 | Queue | Villager (Male) |
| 12:10 | Build | Palisade Wall |
| 12:10 | Build | Palisade Wall |
| 12:13 | Build | Palisade Wall |
| 12:13 | Build | Palisade Wall |
| 12:14 | Build | Palisade Wall |
| 12:15 | Build | Palisade Wall |
| 12:15 | Build | Palisade Wall |
| 12:16 | Build | Palisade Wall |
| 12:16 | Build | Palisade Wall |
| 12:26 | Queue | Villager (Male) |
| 12:37 | Build | Palisade Wall |
| 12:51 | Age | Feudal Age |
| 13:16 | Queue | Villager (Male) |
| 13:29 | Research | Double-Bit Axe |
| 13:46 | Queue | Villager (Male) |
| 13:55 | Build | Barracks |
| 14:27 | Queue | Villager (Male) |
| 14:30 | Build | Palisade Wall |
| 14:35 | Queue | Villager (Male) |
| 14:59 | Queue | Villager (Male) |
| 15:43 | Queue | Villager (Male) |
| 15:43 | Queue | Villager (Male) |
| 15:43 | Queue | Villager (Male) |
| 16:27 | Queue | Villager (Male) |
| 16:59 | Queue | Villager (Male) |
| 17:16 | Build | Palisade Wall |
Build order — LE | WilliamS
104 actions detected in the replay
| 0:01 | Queue | Villager (Male) |
| 0:01 | Queue | Villager (Male) |
| 0:02 | Build | House |
| 0:03 | Build | House |
| 0:12 | Queue | Villager (Male) |
| 0:12 | Queue | Villager (Male) |
| 1:03 | Queue | Villager (Male) |
| 1:53 | Queue | Villager (Male) |
| 1:54 | Queue | Villager (Male) |
| 2:23 | Queue | Villager (Male) |
| 2:44 | Queue | Villager (Male) |
| 2:44 | Queue | Villager (Male) |
| 3:05 | Queue | Villager (Male) |
| 3:06 | Queue | Villager (Male) |
| 3:16 | Queue | Villager (Male) |
| 3:36 | Queue | Villager (Male) |
| 3:36 | Queue | Villager (Male) |
| 3:51 | Build | Lumber Camp |
| 4:02 | Queue | Villager (Male) |
| 4:16 | Build | House |
| 4:17 | Research | Loom |
| 4:20 | Queue | Villager (Male) |
| 4:36 | Queue | Villager (Male) |
| 4:49 | Queue | Villager (Male) |
| 5:13 | Queue | Villager (Male) |
| 5:16 | Build | Mill |
| 5:27 | Queue | Villager (Male) |
| 6:12 | Build | House |
| 6:20 | Queue | Villager (Male) |
| 7:05 | Queue | Villager (Male) |
| 7:19 | Queue | Villager (Male) |
| 7:30 | Queue | Villager (Male) |
| 7:48 | Queue | Villager (Male) |
| 7:48 | Queue | Villager (Male) |
| 7:55 | Build | Barracks |
| 8:01 | Queue | Villager (Male) |
| 8:22 | Queue | Villager (Male) |
| 8:45 | Queue | Villager (Male) |
| 9:45 | Research | Feudal Age |
| 9:45 | Research | Feudal Age |
| 10:36 | Queue | Militia |
| 10:36 | Queue | Militia |
| 10:44 | Build | Farm |
| 10:44 | Build | Farm |
| 10:46 | Build | Farm |
| 10:58 | Build | Palisade Gate |
| 11:00 | Build | House |
| 11:03 | Build | Palisade Wall |
| 11:04 | Build | Palisade Wall |
| 11:05 | Build | Palisade Wall |
| 11:09 | Build | House |
| 11:14 | Queue | Militia |
| 11:14 | Queue | Militia |
| 11:14 | Queue | Militia |
| 11:21 | Build | Farm |
| 11:22 | Queue | Villager (Male) |
| 11:55 | Age | Feudal Age |
| 11:58 | Research | Man-at-Arms (upgrade) |
| 12:09 | Build | Farm |
| 12:18 | Build | Farm |
| 12:23 | Queue | Villager (Male) |
| 12:23 | Queue | Villager (Male) |
| 12:32 | Build | Farm |
| 12:33 | Build | Farm |
| 12:34 | Build | Farm |
| 12:55 | Queue | Villager (Male) |
| 12:55 | Queue | Villager (Male) |
| 13:09 | Build | Palisade Wall |
| 13:11 | Build | Palisade Wall |
| 13:15 | Build | Palisade Wall |
| 13:21 | Queue | Spearman |
| 13:29 | Queue | Villager (Male) |
| 13:31 | Build | Farm |
| 13:33 | Build | Farm |
| 13:37 | Queue | Villager (Male) |
| 13:58 | Queue | Villager (Male) |
| 13:58 | Queue | Villager (Male) |
| 14:02 | Build | Mining Camp |
| 14:05 | Queue | Villager (Male) |
| 14:16 | Queue | Spearman |
| 14:30 | Research | Double-Bit Axe |
| 14:40 | Queue | Villager (Male) |
| 14:40 | Queue | Villager (Male) |
| 14:58 | Build | Market |
| 15:02 | Queue | Villager (Male) |
| 15:03 | Queue | Villager (Male) |
| 15:15 | Queue | Spearman |
| 15:34 | Queue | Spearman |
| 15:40 | Queue | Villager (Male) |
| 15:43 | Build | House |
| 15:44 | Build | House |
| 15:58 | Research | Town Watch |
| 16:00 | Queue | Villager (Male) |
| 16:08 | Build | Farm |
| 16:12 | Queue | Villager (Male) |
| 16:20 | Build | Blacksmith |
| 16:24 | Queue | Spearman |
| 16:31 | Build | Farm |
| 16:36 | Queue | Villager (Male) |
| 16:38 | Queue | Villager (Male) |
| 16:46 | Queue | Villager (Male) |
| 16:49 | Queue | Villager (Male) |
| 16:57 | Queue | Villager (Male) |
| 17:06 | Queue | Villager (Male) |
Match timeline
| 4:32 | . · wall_segment Palisade Wall x1 |
| 4:46 | . · wall_segment Palisade Wall x2 |
| 4:47 | . · wall_segment Palisade Wall x3 |
| 4:57 | . · wall_segment Palisade Wall x2 |
| 5:17 | . · wall_segment Palisade Wall x1 |
| 5:59 | Roque ,*_*, · first_building Barracks |
| 7:09 | Idle Brother · first_building Barracks |
| 7:14 | CORP_ Zata · wall_segment Palisade Wall x1 |
| 7:55 | LE | WilliamS · first_building Barracks |
| 7:59 | El Peregrino · first_building Barracks |
| 8:04 | Boxxhenizeel · first_building Barracks |
| 8:33 | MrLokura · first_building Barracks |
| 8:51 | Idle Brother · age_up feudal |
| 8:55 | Idle Brother · first_building Stable |
| 9:00 | El Peregrino · age_up feudal |
| 9:16 | Boxxhenizeel · age_up feudal |
| 9:24 | Boxxhenizeel · first_building Archery Range |
| 9:37 | CORP_ Zata · wall_segment Palisade Wall x6 |
| 9:40 | El Peregrino · first_building Stable |
| 9:47 | CORP_ Zata · wall_segment Palisade Wall x7 |
| 9:51 | CORP_ Zata · wall_segment Palisade Wall x5 |
| 10:23 | MrLokura · age_up feudal |
| 10:25 | MrLokura · first_building Stable |
| 10:51 | . · wall_segment Palisade Wall x1 |
| 10:54 | MrLokura · wall_segment Palisade Wall x7 |
| 10:55 | MrLokura · wall_segment Palisade Wall x2 |
| 11:01 | CORP_ Zata · first_building Barracks |
| 11:03 | LE | WilliamS · wall_segment Palisade Wall x1 |
| 11:04 | LE | WilliamS · wall_segment Palisade Wall x1 |
| 11:05 | LE | WilliamS · wall_segment Palisade Wall x1 |
| 11:19 | CORP_ Zata · wall_segment Palisade Wall x1 |
| 11:26 | . · wall_segment Palisade Wall x4 |
| 11:28 | . · wall_segment Palisade Wall x1 |
| 11:29 | . · wall_segment Palisade Wall x1 |
| 11:30 | CORP_ Zata · wall_segment Palisade Wall x2 |
| 11:32 | . · wall_segment Palisade Wall x4 |
| 11:34 | CORP_ Zata · wall_segment Palisade Wall x1 |
| 11:35 | CORP_ Zata · wall_segment Palisade Wall x1 |
| 11:35 | . · wall_segment Palisade Wall x1 |
| 11:37 | . · wall_segment Palisade Wall x3 |
| 11:45 | Roque ,*_*, · wall_segment Palisade Wall x4 |
| 11:48 | Roque ,*_*, · age_up feudal |
| 11:49 | Roque ,*_*, · wall_segment Palisade Wall x6 |
| 11:55 | LE | WilliamS · age_up feudal |
| 12:10 | CORP_ Zata · wall_segment Palisade Wall x1 |
| 12:10 | CORP_ Zata · wall_segment Palisade Wall x1 |
| 12:13 | CORP_ Zata · wall_segment Palisade Wall x1 |
| 12:13 | CORP_ Zata · wall_segment Palisade Wall x1 |
| 12:14 | CORP_ Zata · wall_segment Palisade Wall x1 |
| 12:15 | CORP_ Zata · wall_segment Palisade Wall x1 |
| 12:15 | CORP_ Zata · wall_segment Palisade Wall x1 |
| 12:16 | CORP_ Zata · wall_segment Palisade Wall x2 |
| 12:16 | CORP_ Zata · wall_segment Palisade Wall x1 |
| 12:37 | CORP_ Zata · wall_segment Palisade Wall x1 |
| 12:40 | Boxxhenizeel · wall_segment Palisade Wall x1 |
| 12:41 | Boxxhenizeel · wall_segment Palisade Wall x1 |
| 12:43 | . · wall_segment Palisade Wall x1 |
| 12:43 | Boxxhenizeel · wall_segment Palisade Wall x1 |
| 12:44 | Boxxhenizeel · wall_segment Palisade Wall x1 |
| 12:46 | . · wall_segment Palisade Wall x1 |
| 12:47 | . · wall_segment Palisade Wall x1 |
| 12:48 | . · wall_segment Palisade Wall x1 |
| 12:51 | CORP_ Zata · age_up feudal |
| 12:54 | . · wall_segment Palisade Wall x1 |
| 13:01 | . · wall_segment Palisade Wall x1 |
| 13:09 | LE | WilliamS · wall_segment Palisade Wall x1 |
| 13:11 | LE | WilliamS · wall_segment Palisade Wall x1 |
| 13:15 | LE | WilliamS · wall_segment Palisade Wall x1 |
| 14:30 | CORP_ Zata · wall_segment Palisade Wall x1 |
| 14:56 | Boxxhenizeel · first_market_sell 500 stone |
| 15:28 | MrLokura · wall_segment Palisade Wall x1 |
| 15:44 | Idle Brother · wall_segment Palisade Wall x1 |
| 15:46 | Idle Brother · wall_segment Palisade Wall x1 |
| 15:48 | Boxxhenizeel · wall_segment Palisade Wall x1 |
| 15:49 | Idle Brother · wall_segment Palisade Wall x1 |
| 15:50 | Idle Brother · wall_segment Palisade Wall x1 |
| 15:52 | Idle Brother · wall_segment Palisade Wall x1 |
| 15:52 | Roque ,*_*, · wall_segment Palisade Wall x1 |
| 15:52 | Boxxhenizeel · wall_segment Palisade Wall x1 |
| 15:53 | Roque ,*_*, · wall_segment Palisade Wall x1 |
| 15:54 | Roque ,*_*, · wall_segment Palisade Wall x1 |
| 15:56 | Roque ,*_*, · wall_segment Palisade Wall x1 |
| 15:57 | Roque ,*_*, · wall_segment Palisade Wall x1 |
| 15:58 | Roque ,*_*, · wall_segment Palisade Wall x1 |
| 15:59 | Idle Brother · wall_segment Palisade Wall x1 |
| 16:00 | Idle Brother · wall_segment Palisade Wall x1 |
| 17:15 | LE | WilliamS · resign |
| 17:16 | CORP_ Zata · wall_segment Palisade Wall x1 |
[ AI ANALYSIS · 1 CREDIT ]
What really happened in this match?
Wolo.gg analyzes every decision: build order, eco, micro, common mistakes by bracket. Personalized analysis on WhatsApp or Discord in 30 seconds.
Civ guide
Georgians
Perfil
Jugador #11969432